 Dungeon Crawl Stone Soup version 0.29-a0-775-g4d7333d4e2 (webtiles) character file.

Game seed: 12695901418833848539

31087 inmateoo the Basher (level 13, -5/103 HPs)
             Began as a Demonspawn Fighter on July 1, 2022.
             Was an Initiate of Gozag.
             Slain by Rupert
             ... wielding a +3 battleaxe of freezing
              (23 damage)
             ... on level 3 of the Lair of Beasts.
             The game lasted 00:21:21 (18348 turns).

inmateoo the Basher (Demonspawn Fighter)           Turns: 18348, Time: 00:21:21

Health: -5/103     AC: 26    Str: 19    XL:     13   Next: 24%
Magic:  0/19       EV: 10    Int: 10    God:    Gozag
Gold:   4138       SH:  7    Dex: 19    Spells: 20/20 levels left

rFire   + + +      SeeInvis .   i - +7 mace "Kebbesch" {freeze, rF++ Str-2}
rCold   + . .      Faith    .   c - +0 buckler
rNeg    . . .      Spirit   +   w - +2 plate armour {rC+}
rPois   .          Reflect  .   (helmet unavailable)
rElec   .          Harm     .   J - +0 cloak
rCorr   .          Rampage  .   u - +0 pair of gloves
Will    .....                   t - +0 pair of boots
Stlth   ..........              b - amulet of magic regeneration
HPRegen 0.27/turn               h - ring of protection from fire
MPRegen 0.72/turn               a - +6 ring of dexterity

@: about to teleport, sanguine armoured
A: horns 3, magic shield, magic regeneration, sanguine armour 1, demonic magic 1
a: Renounce Religion, Potion Petition, Call Merchant, Bribe Branch


You were on level 3 of the Lair of Beasts.
You worshipped Gozag.
Gozag was most pleased with you.
You visited 2 branches of the dungeon, and saw 15 of its levels.
You also visited: Sewer and Ice Cave.

You collected 4609 gold pieces.
You spent 440 gold pieces at shops.
You paid 31 gold pieces to Gozag.

Inventory:

Hand Weapons
 i - the +7 mace "Kebbesch" (weapon) {freeze, rF++ Str-2}
   (You found it on level 1 of the Lair of Beasts)

   It freezes those it strikes, dealing additional cold damage.
   It can also slow down cold-blooded creatures.
   Str:       It affects your strength (-2).
   rF:        It greatly protects you from fire.
 y - a +2 flail of protection
Missiles
 m - 6 curare-tipped darts (quivered)
 p - a throwing net
Armour
 c - a +0 buckler (worn)
 t - a +0 pair of boots (worn)
 u - a +0 pair of gloves (worn)
 w - a +2 plate armour of cold resistance (worn)
 J - a +0 cloak (worn)
Jewellery
 a - a +6 ring of dexterity (right hand)
 b - an amulet of magic regeneration (around neck)
 h - a ring of protection from fire (left hand)
Wands
 f - a wand of iceblast (13)
 l - a wand of polymorph (11)
 r - a wand of flame (36)
 E - a wand of digging (5)
 F - a wand of charming (12)
Scrolls
 k - 2 scrolls of identify
 n - 2 scrolls of teleportation
 o - 2 scrolls of fear
 x - 2 scrolls of enchant weapon
 B - a scroll of immolation
 D - a scroll of fog
 I - 2 scrolls of silence {unknown}
Potions
 d - 5 potions of flight
 e - 3 potions of brilliance
 g - 2 potions of curing
 j - 2 potions of invisibility
 q - 3 potions of berserk rage
 s - 3 potions of lignification
 v - a potion of haste
 z - 2 potions of mutation
 C - 8 potions of ambrosia
 G - a potion of heal wounds
 H - a potion of cancellation
Miscellaneous
 A - a condenser vane


   Skills:
 + Level 9.8 Fighting
 * Level 12.2 Maces & Flails
 + Level 9.0 Armour
 + Level 8.3 Dodging
 + Level 9.0 Shields
 - Level 4.0 Spellcasting


You had 20 spell levels left.
You didn't know any spells.
Your spell library contained the following spells:

 Spells                   Type           Power      Damage    Failure   Level
 Slow                     Hex            8%         N/A       100%        1
 Ensorcelled Hibernation  Hex/Ice        4%         N/A       100%        2
 Passwall                 Tmut/Erth      1%         N/A       100%        2
 Confusing Touch          Hex            2%         N/A       100%        3
 Ozocubu's Armour         Ice            2%         N/A       100%        3
 Swiftness                Air            2%         N/A       100%        3
 Vampiric Draining        Necr           2%         2d6       100%        3
 Leda's Liquefaction      Hex/Erth       1%         N/A       100%        4
 Lee's Rapid Deconstruct  Erth           1%         3d5*      100%        5
 Silence                  Hex/Air        1%         N/A       100%        5
 Yara's Violent Unravell  Hex/Tmut       1%         3d3       100%        5
 Dispersal                Tloc           1%         N/A       100%        6
 Statue Form              Tmut/Erth      1%         N/A       100%        6
 Enfeeble                 Hex            1%         N/A       100%        7
 Ozocubu's Refrigeration  Ice            1%         4d5       100%        7
 Disjunction              Tloc           1%         N/A       100%        8


Dungeon Overview and Level Annotations

Branches:
Dungeon (12/15)            Temple (0/1) D:5            Lair (3/6) D:9
  Swamp (0/4) Lair:2        Snake (0/4) Lair:2          Orc (0/2) D:11
  Sewer (visited)           IceCv (visited)

Altars:
Ashenzari
Dithmenos
Elyvilon
Fedhas
Gozag
Hepliaklqana
Kikubaaqudgha
Nemelex Xobeh
Okawaru
Sif Muna
Trog
Uskayaw
Xom
Yredelemnul
Zin
Beogh

Shops:
D:8 ([

Annotations:
Lair:3 Rupert


Innate Abilities, Weirdness & Mutations

You have a pair of large horns on your head.
When hurt, damage is shared between your health and your magic reserves.
You regenerate magic rapidly.
When seriously injured, your blood forms armour. (AC +6)
Spells you cast may paralyse adjacent enemies.


Message History

* * * LOW HITPOINT WARNING * * *
Rupert freezes you.
* * * LOW HITPOINT WARNING * * *
Rupert hits you but does no damage.
A wolf comes into view.
Rupert attacks as you move away! Rupert barely misses you.
Your surroundings seem slightly different.
The wolf bites you but does no damage.
Rupert hits you with a +3 battleaxe of freezing.
* * * LOW HITPOINT WARNING * * *
Rupert freezes you.
* * * LOW HITPOINT WARNING * * *
Unknown command.
Okay, then.
As you read the scroll of teleportation, it crumbles to dust.
You feel strangely unstable.
A wolf comes into view.
The wolf barely misses you.
Rupert hits you with a +3 battleaxe of freezing!
* * * LOW HITPOINT WARNING * * *
Rupert freezes you.
* * * LOW HITPOINT WARNING * * *
The wolf bites you but does no damage.
Unknown command.
You feel much better.
A wolf comes into view.
Rupert hits you with a +3 battleaxe of freezing.
* * * LOW HITPOINT WARNING * * *
The wolf bites you but does no damage. x2
Rupert hits you with a +3 battleaxe of freezing!
* * * LOW HITPOINT WARNING * * *
Rupert freezes you.
* * * LOW HITPOINT WARNING * * *
Unknown command.
Unknown command.
Unknown command.
Rupert attacks as you move away!
Rupert hits you with a +3 battleaxe of freezing!!
You die...
Your body crumbles into a pile of gold.

### ### ####### ####
######P#####.####PP..P###...
#........h@.................
##.###....#@#........##.....
###.###.....###........
#..##.....+....##....
....#......#....+....
....###....#....#.....
#..... #....#.......... ##.
##...###....#..........
..####.#.###.....####.#....
#.##...#.##P....##.###.....


You could see Rupert (berserk) and a wolf.

Vanquished Creatures
  Harold (Lair:1)
  4 hydras
  A two-headed ogre (D:10)
  Sonja (Lair:1)
  Lodul (D:10)
  A cyclops (D:11)
  2 black mambas
  5 cane toads
  2 unseen horrors (D:11)
  2 rime drakes (D:12)
  6 komodo dragons
  8 trolls
  A queen bee (D:11)
  2 hornets
  A polar bear (Lair:2)
  13 blink frogs
  5 slime creatures (D:12)
  2 shadows
  3 wraiths (D:12)
  4 wyverns
  2 basilisks
  2 steam dragons
  34 yaks
  A death yak simulacrum (IceCv)
  2 nagas (Lair:2)
  An acid dragon (D:7)
  10 water moccasins
  4 orc warriors
  An ice beast (D:7)
  2 black bears
  A sky beast (D:8)
  5 ogres
  2 centaurs
  7 wolves
  A phantom (D:3)
  4 kobold brigands
  9 bullfrogs
  A necrophage (D:4)
  2 scorpions
  5 wights (D:8)
  36 killer bees
  2 electric eels (Lair:2)
  A howler monkey (D:10)
  A hound (D:6)
  10 orc priests
  A jelly (D:6)
  9 orc wizards
  10 iguanas
  A merfolk avatar (Sewer)
  Natasha (thrice) (D:4)
  A merfolk siren (Sewer)
  A gnoll (D:7)
  5 adders
  A river rat (D:3)
  3 white imps
  An ufetubus (D:6)
  2 worms
  5 dart slugs
  49 orcs
  4 endoplasms
  14 giant cockroaches
  7 hobgoblins
  3 jackals (D:3)
  11 quokkas
  11 ball pythons
  4 bats
  9 frilled lizards
  5 goblins
  26 kobolds
  27 rats
424 creatures vanquished.

Vanquished Creatures (collateral kills)
  A two-headed ogre (D:10)
  An ugly thing (IceCv)
  A death yak simulacrum (IceCv)
  An ogre (D:10)
  A centaur (D:10)
  A polar bear simulacrum (IceCv)
6 creatures vanquished.

Vanquished Creatures (others)
  An elephant simulacrum (IceCv)
  A polar bear simulacrum (IceCv)
  12 fungi
  12 plants
26 creatures vanquished.

Grand Total: 456 creatures vanquished

Notes
Turn   | Place    | Note
-------+----------+-------------------------------------------
     0 | D:1      | inmateoo the Demonspawn Fighter began the quest for the
                  | Orb.
     0 | D:1      | Reached XP level 1. HP: 18/18 MP: 1/1
    54 | D:1      | Reached skill level 2 in Maces & Flails
    79 | D:1      | Gained mutation: When seriously injured, your blood forms
                  | armour. (AC +6) [demonic ancestry]
    79 | D:1      | Reached XP level 2. HP: 16/24 MP: 2/2
   463 | D:1      | Gained mutation: You regenerate magic rapidly. [demonic
                  | ancestry]
   463 | D:1      | Reached XP level 3. HP: 29/29 MP: 3/3
   555 | D:1      | Got the Almanac of Hexes
  1392 | D:2      | Found an opulent altar of Gozag.
  1404 | D:2      | Became a worshipper of Gozag Ym Sagoz the Greedy
  1467 | D:2      | Reached skill level 1 in Dodging
  1678 | D:3      | Noticed a phantom
  1690 | D:3      | Killed a phantom
  1691 | D:3      | Reached skill level 3 in Maces & Flails
  1691 | D:3      | Reached XP level 4. HP: 27/35 MP: 4/4
  1691 | D:3      | Gained mutation: You have a pair of small horns on your
                  | head. [demonic ancestry]
  1691 | D:3      | Reached XP level 5. HP: 32/41 MP: 5/5
  1749 | D:3      | Found a glowing drain.
  1867 | Sewer    | Entered a sewer
  2877 | D:3      | Found a hide-covered altar of Uskayaw.
  2884 | D:3      | Found a hazy altar of Hepliaklqana.
  2886 | D:3      | Found an opulent altar of Gozag.
  2892 | D:3      | Found an ancient bone altar of Kikubaaqudgha.
  2898 | D:3      | Found a shimmering altar of Xom.
  2956 | D:3      | Gained mutation: You have a pair of horns on your head.
                  | [demonic ancestry]
  2956 | D:3      | Reached XP level 6. HP: 38/48 MP: 6/6
  3381 | D:4      | Noticed Natasha
  3389 | D:4      | Killed Natasha
  3502 | D:4      | Noticed Natasha
  3535 | D:4      | Killed Natasha
  3536 | D:4      | Reached skill level 4 in Maces & Flails
  3538 | D:4      | Noticed Natasha
  3550 | D:4      | Killed Natasha
  3794 | D:5      | Entered Level 5 of the Dungeon
  3800 | D:5      | Reached XP level 7. HP: 12/54 MP: 7/7
  3829 | D:5      | Reached skill level 1 in Spellcasting
  4627 | D:5      | Found a staircase to the Ecumenical Temple.
  4739 | D:5      | Reached skill level 5 in Maces & Flails
  4750 | D:5      | Gained mutation: You have a pair of large horns on your
                  | head. [demonic ancestry]
  4750 | D:5      | Reached XP level 8. HP: 41/61 MP: 10/10
  5396 | D:6      | Found a shadowy altar of Dithmenos.
  5396 | D:6      | Found a sparkling altar of Nemelex Xobeh.
  5397 | D:6      | Found a shimmering blue altar of Sif Muna.
  5547 | D:6      | Reached skill level 5 in Fighting
  5944 | D:7      | Noticed a hornet
  5950 | D:6      | Paralysed by a hornet for 2 turns
  5971 | D:6      | HP: 1/93 [hornet (7)]
  5980 | D:6      | Killed a hornet
  5981 | D:6      | Reached skill level 6 in Maces & Flails
  5994 | D:6      | Reached skill level 5 in Armour
  5994 | D:6      | Reached XP level 9. HP: 14/68 MP: 13/13
  6401 | D:7      | Reached skill level 5 in Shields
  6476 | D:7      | Found an iron altar of Okawaru.
  6476 | D:7      | Found a bloodstained altar of Trog.
  6651 | D:7      | Noticed a seven-headed hydra
  6668 | D:7      | Killed a seven-headed hydra
  7288 | D:7      | Reached skill level 7 in Maces & Flails
  7634 | D:8      | Found Ipyich's Weapon Shop.
  8020 | D:8      | Found Qidim's Armour Shop.
  8060 | D:8      | Bought a +2 plate armour of cold resistance for 440 gold
                  | pieces
  8771 | D:8      | Gained mutation: Spells you cast may paralyse adjacent
                  | enemies. [demonic ancestry]
  8771 | D:8      | Reached XP level 10. HP: 76/76 MP: 16/16
  9039 | D:9      | Found a blossoming altar of Fedhas.
  9249 | D:9      | Reached skill level 5 in Dodging
  9308 | D:9      | Found a basalt altar of Yredelemnul.
  9308 | D:9      | Found a broken altar of Ashenzari.
  9340 | D:9      | Found a staircase to the Lair.
  9724 | D:10     | Entered Level 10 of the Dungeon
  9785 | D:10     | Noticed Lodul
  9794 | D:10     | Reached skill level 8 in Maces & Flails
  9797 | D:10     | Killed Lodul
  9961 | D:10     | Noticed a two-headed ogre
  9970 | D:10     | Killed a two-headed ogre
  9975 | D:10     | Noticed Joseph
  9980 | D:10     | Noticed Joseph
  9980 | D:10     | Joseph changed into Joseph the yak
  9987 | D:10     | Killed Joseph the yak
 10027 | D:10     | Noticed a two-headed ogre
 10043 | D:10     | Killed a two-headed ogre
 10224 | D:10     | Reached skill level 9 in Maces & Flails
 10611 | D:10     | Gained mutation: When hurt, damage is shared between your
                  | health and your magic reserves. [demonic ancestry]
 10611 | D:10     | Reached XP level 11. HP: 81/84 MP: 17/17
 10920 | D:11     | Noticed a four-headed hydra
 11261 | D:11     | Killed a four-headed hydra
 11841 | D:12     | Found a frozen archway.
 11861 | IceCv    | Entered an ice cave
 11861 | IceCv    | Noticed a white ugly thing
 11868 | IceCv    | Killed a white ugly thing
 11968 | IceCv    | Found a transporter.
 11983 | IceCv    | Noticed a white ugly thing
 11990 | IceCv    | Found a transporter.
 12191 | D:12     | Reached skill level 10 in Maces & Flails
 13023 | D:11     | Found a staircase to the Orcish Mines.
 13843 | D:11     | Reached XP level 12. HP: 44/94 MP: 16/18
 14310 | Lair:1   | Entered Level 1 of the Lair of Beasts
 14311 | Lair:1   | Noticed Harold
 14621 | Lair:1   | Killed Harold
 14792 | Lair:1   | Noticed Sonja
 14803 | Lair:1   | Reached skill level 11 in Maces & Flails
 14803 | Lair:1   | Killed Sonja
 15019 | Lair:1   | Identified the +7 mace "Kebbesch" {freeze, rF++ Str-2}
 15321 | Lair:1   | Noticed a seven-headed hydra
 15395 | Lair:1   | Killed a seven-headed hydra
 15911 | Lair:2   | Found a staircase to the Snake Pit.
 16156 | Lair:2   | Noticed a five-headed hydra
 16167 | Lair:2   | Killed a five-headed hydra
 16180 | Lair:2   | Reached XP level 13. HP: 59/101 MP: 19/19
 16474 | Lair:2   | Found a staircase to the Swamp.
 17082 | Lair:2   | Reached skill level 12 in Maces & Flails
 18336 | Lair:3   | Noticed Rupert
 18344 | Lair:3   | HP: 4/103 [Rupert/+3 battleaxe of freezing (12)]
 18348 | Lair:3   | Slain by Rupert

Illustrated notes

Levels and vault maps discovered:
D:1:      scummos_arrival_forest, layout_basic
D:2:      layout_loops_corners, basic_altar
D:3:      layout_basic, nicolae_overflow_hallway_of_the_gods,
          gup_sewer_entry_bubbles
D:4:      layout_basic, uniq_natasha
D:5:      layout_cave_pools, nicolae_overflow_crystal_walls, temple_fountains
D:6:      layout_basic, grunt_dithmenos_smoke,
          chequers_temple_overflow_statue_of_worship, zin_statuary, minivault_11
D:7:      layout_cave_pods, grunt_temple_overflow_bloody_war
D:8:      layout_basic, serial_shops, nicolae_shop_bloodbath_and_beyond, shop,
          hangedman_decor_lopped
D:9:      layout_gridville, mainiacjoe_overflow_boulevard,
          gammafunk_temple_overflow_elements, lair_entry_dummy
D:10:     layout_loops_ring, kennysheep_generic_room_8, uniq_lodul, uniq_joseph
D:11:     layout_rooms, minmay_orc_entry_temple_small, special_room
          [special_room_bee]
D:12:     layout_loops_corners, portal_ice_cave_rime, dk_noncrumbling_4
Lair:1:   layout_long_grid, beast_lair_carwin_6, uniq_harold, uniq_sonja
Lair:2:   layout_layer_cave, swamp_mist_pool, guppyfry_snake_entry_island,
          fungi_pond_lemuel, minivault_23
Lair:3:   layout_regular_city, uniq_rupert

Skill      XL: |  1  2  3  4  5  6  7  8  9 10 11 12 13 |
---------------+----------------------------------------+-----
Maces & Flails | 2 3 4 5 6 7 9 10 11 12 | 12.2
Armour         | 3 4 5 6 7 8 9 |  9.0
Shields        | 3 4 5 6 7 8 9 |  9.0
Dodging        | 1 2 3 4 5 6 8 |  8.3
Fighting       | 4 5 6 7 8 9 |  9.8
Spellcasting   | 1 3 4 |  4.0

Action                   |  1- 3 |  4- 6 |  7- 9 | 10-12 | 13-15 || total
-------------------------+-------+-------+-------+-------+-------++-------
Melee: Flail             |   138 |   210 |   368 |   578 |       ||  1294
       Headbutt          |       |    32 |    69 |   192 |    39 ||   332
       Unarmed           |       |     9 |       |       |       ||     9
       Mace              |       |       |       |   176 |   138 ||   314
Throw: Dart              |       |       |     1 |     6 |       ||     7
Evoke: Wand              |       |       |     5 |    21 |     3 ||    29
       Condenser vane    |       |       |       |     2 |       ||     2
  Use: Potion            |       |     2 |     8 |       |     1 ||    11
       Scroll            |       |     9 |     8 |     8 |     2 ||    27
 Stab: Distracted        |       |       |     2 |     5 |     1 ||     8
       Confused          |       |       |       |     2 |       ||     2
Armor: Scale mail        |    64 |    66 |       |       |       ||   130
       Plate armour      |       |    23 |   335 |   571 |    45 ||   974
       Skin              |       |     5 |    20 |       |       ||    25
Dodge: Dodged            |    70 |   104 |   127 |   349 |    48 ||   698
Block: Buckler           |    32 |    40 |   104 |   324 |    35 ||   535

Table legend: (Time is in decaauts)
 A = Elapsed time spent in this place.
 B = Non-inter-level travel time spent in this place.
 C = Inter-level travel time spent in this place.
 D = Time resting spent in this place.
 E = Time spent auto-exploring this place.
 F = Levels seen in this place.
 G = Mean time per level.
                   A        B        C        D        E       F      G
               +--------+--------+--------+--------+--------+-----+--------+
         Total |  18506 |  17987 |    519 |   5357 |   8413 |  17 | 1088.6 |
       Dungeon |  13832 |  13361 |    471 |   3989 |   6288 |  12 | 1152.7 |
          Lair |   3782 |   3735 |     47 |    963 |   2009 |   3 | 1260.7 |
         Sewer |    742 |    742 |      0 |    326 |    115 |   1 |  742.0 |
      Ice Cave |    148 |    148 |      0 |     79 |      0 |   1 |  148.0 |
               +--------+--------+--------+--------+--------+-----+--------+

Top non-repeatable levels by time:
    D:11: 1857 daAuts
     D:8: 1552 daAuts
  Lair:2: 1514 daAuts
  Lair:1: 1481 daAuts
    D:10: 1281 daAuts
    D:12: 1214 daAuts
     D:6: 1146 daAuts
     D:7: 1123 daAuts
     D:3: 1121 daAuts
     D:5: 1080 daAuts
     D:9: 1074 daAuts
     D:2: 864 daAuts
     D:1: 820 daAuts
  Lair:3: 787 daAuts
   Sewer: 742 daAuts
